[Event "FICS Team League T30"] 
[Site "FICS, San Jose, California USA"] 
[Date "2006.04.15"] 
[Time "23:10:46"] 
[Round "1"] 
[White "LLIAMAH"] 
[Black "twotowers"] 
[WhiteElo "1763"] 
[BlackElo "1651"] 
[TimeControl "2700+45"] 
[Mode "ICS"] 
[Result "0-1"] 

1. e4 d6 2. Nf3 Nf6 3. Nc3 g6 4. d3 Bg7 5. Be2 O-O 6. O-O Nbd7 7. Be3 Ng4 
8. Bd2 e5 9. Qc1 a5 10. h3 Ngf6 11. Bh6 Nc5 12. Bxg7 Kxg7 13. Nd5 c6 14. Nxf6 
Qxf6 15. Qe3 Bd7 16. Nd2 b5 17. f4 exf4 18. Qxf4 Qxf4 19. Rxf4 Ne6 20. Rf2 
Nd4 21. Bd1 c5 22. c3 Nc6 23. Nf3 Rae8 24. Bc2 f5 25. exf5 Bxf5 26. d4 Bxc2 
27. Rxc2 Re3 28. dxc5 dxc5 29. Rd1 Ne5 30. Ng5 Nd3 31. Rxd3 Rxd3 32. Ne6+ 
Kg8 33. Nxf8 Kxf8 34. Kf2 c4 35. b3 h5 36. b4 axb4 37. cxb4 Ra3 38. Ke1 
Kg7 39. Kd1 g5 40. Kc1 Kg6 41. Kb2 Rg3 42. Rf2 g4 43. hxg4 hxg4 44. Kc2 
Ra3 45. Kb2 Rd3 46. Kc2 Ra3 47. Kb2 Re3 48. Kc2 Kg5 49. Kb1 Re5 50. Kc2 
Kh4 51. Kc3 Rd5 52. a4 Rd3+ 53. Kc2 bxa4 54. b5 Rb3 55. Rf4 Rxb5 56. Rxc4 
Ra5 57. Rc3 a3 58. g3+ Kh3 59. Kb1 a2+ 60. Ka1 Rf5 61. Kxa2 Rf3 62. Rc7 
Kxg3 63. Kb2 Kh2 64. Kc2 g3 65. Rh7+ Kg1 66. Kd2 Kf2 67. Re7 g2 68. Re2+ 
{White resigns} 0-1

[Event "FICS Team League T30"] 
[Site "FICS, San Jose, California USA"] 
[Date "2006.04.16"] 
[Time "01:00:15"] 
[Round "1"] 
[White "wekabird"] 
[Black "Dreadtower"] 
[WhiteElo "1414"] 
[BlackElo "1424"] 
[TimeControl "2700+45"] 
[Mode "ICS"] 
[Result "0-1"] 

1. c4 e5 2. e4 Bc5 3. h3 Nf6 4. Nc3 Nc6 5. Nf3 Nd4 6. Nxe5 O-O 7. Nf3 d6 
8. d3 Re8 9. Bg5 Bd7 10. Nd5 Nxf3+ 11. Qxf3 Bd4 12. O-O-O c6 13. Nxf6+ Bxf6 
14. Bxf6 Qxf6 15. Qe3 d5 16. g4 c5 17. cxd5 Ba4 18. Re1 Rac8 19. f4 Qb6 
20. Bg2 c4 21. Qxb6 cxd3+ 22. Kd2 axb6 23. Kxd3 Rc2 24. b3 Rxg2 25. bxa4 
Rxa2 26. Ra1 Rxa1 27. Rxa1 Ra8 28. Kc4 Kf8 29. d6 Rc8+ 30. Kb5 Ke8 31. Rd1 
Kd7 32. e5 Rc5+ 33. Kxb6 Rc4 34. a5 Rxf4 35. Rc1 Rb4+ 36. Ka7 Rd4 37. Rc7+ 
Ke6 38. Re7+ Kd5 39. d7 Kc6 40. d8=Q Rxd8 41. Rxb7 Re8 42. Rb5 Kxb5 
{White resigns} 0-1

[Event "FICS Team League T30"] 
[Site "FICS, San Jose, California USA"] 
[Date "2006.04.16"] 
[Time "05:28:25"] 
[Round "1"] 
[White "RussoTuristo"] 
[Black "RomaLavrn"] 
[WhiteElo "2032"] 
[BlackElo "1884"] 
[TimeControl "2700+45"] 
[Mode "ICS"] 
[Result "1-0"] 

1. d4 Nf6 2. Nc3 d5 3. Bg5 Bf5 4. e3 e6 5. Bd3 Bg6 6. a3 c5 7. Bb5+ Nc6 
8. Nf3 cxd4 9. Nxd4 Rc8 10. Qe2 Be7 11. Bf4 Bd6 12. Bxd6 Qxd6 13. O-O-O 
O-O 14. Nxc6 bxc6 15. Ba4 Rb8 16. g4 Ne4 17. Nxe4 Bxe4 18. f3 Bg6 19. h4 
h6 20. c3 f5 21. h5 fxg4 22. hxg6 gxf3 23. Qf2 e5 24. Bc2 e4 25. Bxe4 Qc5 
26. Bxf3 Rb3 27. Rd3 Rfb8 28. Bxd5+ cxd5 29. Qf7+ Kh8 30. Rxh6+ 
{Black resigns} 1-0

[Event "FICS Team League T30"] 
[Site "FICS, San Jose, California USA"] 
[Date "2006.04.16"] 
[Time "08:05:09"] 
[Round "1"] 
[White "Benkology"] 
[Black "Maras"] 
[WhiteElo "2126"] 
[BlackElo "2168"] 
[TimeControl "2700+45"] 
[Mode "ICS"] 
[Result "1/2-1/2"] 

1. e4 e6 2. d4 d5 3. Nc3 Bb4 4. exd5 exd5 5. Bd3 Ne7 6. Qf3 Nbc6 7. Ne2 
Be6 8. a3 Bd6 9. Nb5 Ng6 10. h4 h5 11. Nxd6+ Qxd6 12. c3 O-O-O 13. Qg3 Qd7 
14. Bg5 Rde8 15. Bxg6 fxg6 16. O-O Bf5 17. Nf4 Na5 18. f3 Nb3 19. Rae1 Nd2 
20. Rxe8+ Rxe8 21. Re1 Rxe1+ 22. Qxe1 Nc4 23. b3 Nb6 24. a4 Kb8 25. Qe5 
a5 26. Be7 Bc2 27. Bc5 Nc8 28. b4 b6 29. Bf8 Qf7 30. Bxg7 axb4 31. cxb4 
Bxa4 32. Nxd5 Bc6 33. Nf4 Ne7 34. Bf6 Nd5 35. b5 Bb7 36. Bg5 Nxf4 37. Bxf4 
Bd5 38. Kh2 Bc4 39. Kg3 Bd5 40. Qe3 Bc4 41. d5 Kb7 42. d6 cxd6 43. Bxd6 
Bxb5 44. Qd4 
{Game drawn by mutual agreement} 1/2-1/2

[Event "FICS Team League T30"] 
[Site "FICS, San Jose, California USA"] 
[Date "2006.04.16"] 
[Time "20:27:56"] 
[Round "1"] 
[White "trajanus"] 
[Black "AlefZero"] 
[WhiteElo "2026"] 
[BlackElo "2212"] 
[TimeControl "2700+45"] 
[Mode "ICS"] 
[Result "1-0"] 

1. e4 c6 2. d4 d5 3. exd5 cxd5 4. Bd3 Nc6 5. c3 Nf6 6. Bf4 g6 7. Nf3 Bg7 
8. O-O O-O 9. Re1 Nh5 10. Be3 Qd6 11. Nbd2 Bg4 12. h3 Bf5 13. Qc2 Bxd3 14. Qxd3 
a6 15. Nb3 b6 16. Qd2 Rfe8 17. Rad1 e6 18. Nc1 Na5 19. b3 Rec8 20. Nd3 Nf6 
21. Qb2 Bf8 22. Nd2 Qc6 23. Rc1 Qb5 24. Ne5 Nc4 25. Nexc4 dxc4 26. a4 Qc6 
27. Nxc4 b5 28. Ne5 Qb7 29. axb5 axb5 30. Ra1 b4 31. c4 Ra3 32. c5 Nd5 33. Nc4 
Rxa1 34. Rxa1 Qc7 35. Qa2 Bg7 36. Qa7 Bf6 37. Qxc7 Rxc7 38. Ra8+ Kg7 39. Nd6 
{Black resigns} 1-0

[Event "FICS Team League T30"] 
[Site "FICS"] 
[Date "2006.04.17"] 
[Round "1"] 
[White "midoekram"] 
[Black "geolas"] 
[WhiteElo "1701"] 
[BlackElo "1816"] 
[TimeControl "2700+45"] 
[Result "1/2-1/2"] 

1. e4 c5 2. Nf3 Nc6 3. d4 cxd4 4. Nxd4 Nf6 5. Nc3 e5 6. Ndb5 d6 7. Bg5 
a6 8. Na3 b5 9. Nd5 Be7 10. Nxe7 Nxe7 11. Qd2 Nxe4 12. Qe3 Nxg5 13. Qxg5 O-O 14. Bd3 f5 15. O-O e4 16. Be2 Be6 17. Rfe1 Ng6 18. Qxd8 Rfxd8 19. f3 d5 20. c3 Nf4 21. Bd1 Nd3 22. Re2 Bf7 23. Bc2 Nf4 24. Ree1 Rac8 25. Rad1 
{Game drawn by mutual agreement} 1/2-1/2

[Event "FICS Team League T30"] 
[Site "FICS, San Jose, California USA"] 
[Date "2006.04.17"] 
[Time "11:04:12"] 
[Round "1"] 
[White "sixkiller"] 
[Black "Cilia"] 
[WhiteElo "1628"] 
[BlackElo "1663"] 
[TimeControl "2700+45"] 
[Mode "ICS"] 
[Result "1-0"] 

1. e4 e6 2. d4 d5 3. Nc3 c5 4. exd5 exd5 5. Bb5+ Bd7 6. Bxd7+ Qxd7 7. dxc5 
d4 8. Qe2+ Qe6 9. Qxe6+ fxe6 10. Nb5 Kd7 11. Bf4 Bxc5 12. Nc7 Nf6 13. Nxa8 
Bb4+ 14. Ke2 Nd5 15. Be5 Nc6 16. a3 Nxe5 17. axb4 Rxa8 18. Nf3 Nf4+ 19. Kf1 
Nxf3 20. gxf3 Kc6 21. Rg1 g6 22. Rg4 e5 23. Rg5 Kd6 24. Ra5 Rc8 25. Rc5 
Rc6 26. Rgxe5 Rxc5 27. Rxc5 d3 28. cxd3 Nxd3 29. Ra5 a6 30. b5 Nc5 31. bxa6 
bxa6 32. b4 Nb7 33. Rxa6+ Kc7 34. Ke2 Nd6 35. Kd3 
{Black resigns} 1-0

[Event "FICS Team League T30"] 
[Site "FICS, San Jose, California USA"] 
[Date "2006.04.15"] 
[Time "14:06:09"] 
[Round "1"] 
[White "GadsHill"] 
[Black "Aul"] 
[WhiteElo "1685"] 
[BlackElo "1586"] 
[TimeControl "2700+45"] 
[Mode "ICS"] 
[Result "1-0"] 

1. d4 d6 2. c4 b6 3. Nc3 Nd7 4. Nf3 Bb7 5. e4 e5 6. d5 h6 7. Be2 Ne7 8. O-O 
f5 9. exf5 Nxf5 10. Ne4 Qe7 11. Qc2 g6 12. b4 Bg7 13. Bb2 O-O 14. Rac1 a5 
15. a3 axb4 16. axb4 Ra2 17. Ra1 Rfa8 18. Rxa2 Rxa2 19. Ra1 Rxa1+ 20. Bxa1 
Nd4 21. Nxd4 exd4 22. Qd3 Ne5 23. Qc2 d3 24. Bxd3 Nxd3 25. Bxg7 Qxe4 26. Bc3 
c6 27. Qd2 Nf4 28. f3 Qb1+ 29. Kf2 Nd3+ 30. Kg3 g5 31. Qe3 Ne5 32. Qxb6 
Qd3 33. Qd8+ Kf7 34. Qc7+ Ke8 35. Bxe5 dxe5 36. Qxe5+ Kd7 37. Qe6+ Kc7 38. Qe7+ 
Kc8 39. d6 Kb8 40. Qc7+ Ka7 41. d7 Qh7 42. Qa5+ Ba6 43. d8=Q Qb7 44. Qc5+ 
{Black resigns} 1-0

[Event "FICS Team League T30"] 
[Site "FICS, San Jose, California USA"] 
[Date "2006.04.17"] 
[Time "21:08:18"] 
[Round "1"] 
[White "Darmik"] 
[Black "flibbergibber"] 
[WhiteElo "2031"] 
[BlackElo "1893"] 
[TimeControl "2700+45"] 
[Mode "ICS"] 
[Result "1-0"] 

1. d4 d5 2. Nf3 e6 3. c4 c6 4. Qc2 Nf6 5. Bg5 Be7 6. Nc3 h6 7. Bxf6 Bxf6 
8. e3 O-O 9. h4 Nd7 10. g4 Be7 11. g5 h5 12. O-O-O dxc4 13. Bxc4 b5 14. Bd3 
Bb7 15. g6 f6 16. Qe2 f5 17. Ng5 Nf6 18. Nxe6 Qd7 19. Nxf8 Rxf8 20. e4 fxe4 
21. Nxe4 c5 22. dxc5 Nxe4 23. Bc4+ Bd5 24. Bxd5+ Kh8 25. Qxh5# 
{Black checkmated} 1-0

[Event "FICS Team League T30"] 
[Site "FICS, San Jose, California USA"] 
[Date "2006.04.17"] 
[Time "12:53:36"] 
[Round "1"] 
[White "atilano"] 
[Black "nimzovit"] 
[WhiteElo "2062"] 
[BlackElo "2014"] 
[TimeControl "2700+45"] 
[Mode "ICS"] 
[Result "0-1"] 

1. e4 g6 2. d4 Bg7 3. Nc3 d6 4. f4 a6 5. Nf3 b5 6. Bd3 Bb7 7. O-O Nd7 8. e5 
e6 9. d5 exd5 10. exd6 cxd6 11. Re1+ Ne7 12. Qe2 Nc5 13. f5 b4 14. fxg6 
hxg6 15. Bg5 f6 16. Nd4 fxg5 17. Ne6 Nxe6 18. Qxe6 Bd4+ 19. Kh1 Qd7 20. Bxg6+ 
Kd8 21. Na4 Qxe6 22. Rxe6 Kd7 23. Rae1 Nxg6 24. Rxg6 Rae8 25. Rf1 Bc6 26. c3 
Be3 27. Rg7+ Kd8 28. Rff7 Bd4 
{White resigns} 0-1

[Event "FICS Team League T30"] 
[Site "FICS, San Jose, California USA"] 
[Date "2006.04.17"] 
[Time "21:59:04"] 
[Round "1"] 
[White "Mekk"] 
[Black "RoZa"] 
[WhiteElo "1729"] 
[BlackElo "1949"] 
[TimeControl "2700+45"] 
[Mode "ICS"] 
[Result "1/2-1/2"] 

1. e4 e5 2. Nf3 d6 3. d4 Nf6 4. Nc3 Nbd7 5. Bg5 Be7 6. Qd2 c6 7. O-O-O a6 
8. dxe5 dxe5 9. Bc4 b5 10. Bb3 a5 11. a4 b4 12. Ne2 Nxe4 13. Bxe7 Qxe7 14. Qe3 
Nec5 15. Ng3 Nxb3+ 16. Qxb3 O-O 17. Rhe1 Kh8 18. Nf5 Qf6 19. Nd6 Nc5 20. Qc4 
Qf4+ 21. Qxf4 exf4 22. Nxf7+ Kg8 23. N7e5 Nxa4 24. Nxc6 Bg4 25. Nce5 Bh5 
26. Rd5 Rfc8 27. Re4 Bxf3 28. Nxf3 Nc5 29. Rxf4 b3 30. c3 a4 31. Nd2 a3 
32. bxa3 Rxa3 33. Rc4 Ra1+ 34. Kb2 Ra2+ 35. Kb1 Re8 36. Nxb3 Rxf2 37. Rdxc5 
Re1+ 38. Nc1 Rff1 39. Rc8+ Kf7 40. R8c7+ Kf8 41. Rc8+ Kf7 42. R4c7+ Kg6 
43. Rc6+ Kh5 44. R8c7 Rxc1+ 45. Kb2 Rb1+ 46. Ka3 Rb8 47. Rc5+ g5 48. Ka2 
Rf2+ 49. Ka3 Rf1 50. Ka2 Rf2+ 51. Ka3 Rf1 
{Game drawn by repetition} 1/2-1/2

[Event "FICS rated standard game"] 
[Site "FICS, San Jose, California USA"] 
[Date "2006.04.17"] 
[Time "14:11:46"] 
[Round "-"] 
[White "chesstalker"] 
[Black "fidelian"] 
[WhiteElo "1414"] 
[BlackElo "1412"] 
[TimeControl "2700+45"] 
[Mode "ICS"] 
[Result "1-0"] 

1. e4 e6 2. d4 Nc6 3. Nf3 f6 4. g3 d5 5. exd5 Qxd5 6. Nc3 Bb4 7. Bd2 Bxc3 
8. bxc3 Bd7 9. Bg2 Qe4+ 10. Be3 Qf5 11. O-O O-O-O 12. Qb1 Na5 13. d5 exd5 
14. Bxa7 b6 15. Nd4 Qe5 16. Re1 Qd6 17. Nb3 Nxb3 18. axb3 Bc6 19. c4 d4 
20. Bxc6 Qxc6 21. Qa2 Re8 22. Red1 Rd8 23. Qa6+ Qb7 24. Qb5 Ne7 25. Qa4 
g5 26. Ra3 c5 27. Rda1 Nc6 28. Bxb6 Qxb6 29. Qa8+ Kd7 30. Ra7+ Nxa7 31. Qd5+ 
Kc7 32. Qf7+ Rd7 33. Qh5 Re8 34. Qxe8 Qb8 35. Qe1 f5 36. Qa5+ Kc6 37. Qa6+ 
Qb6 38. Qa4+ Kd6 39. Qa3 Nc6 40. Qc1 h6 41. Qd1 Ra7 42. Rc1 g4 43. Qd2 Rh7 
44. Qf4+ Ke6 45. Re1+ Kf6 46. Qd6+ Kg5 47. Qf4+ Kf6 48. Qd6+ Kg5 49. Qf4+ 
Kf6 50. Qd6+ Kg5 51. f4+ Kh5 52. Qf6 
{Black resigns} 1-0

[Event "FICS Team League T30"] 
[Site "FICS, San Jose, California USA"] 
[Date "2006.04.17"] 
[Time "21:39:06"] 
[Round "1"] 
[White "blkmagic"] 
[Black "zagothal"] 
[WhiteElo "1161"] 
[BlackElo "1271"] 
[TimeControl "2700+45"] 
[Mode "ICS"] 
[Result "1/2-1/2"] 

1. e4 e5 2. Nf3 Nc6 3. Bb5 d6 4. d3 Bd7 5. Nc3 Nge7 6. O-O g6 7. Re1 Bg7 
8. Qe2 O-O 9. b3 Bg4 10. Bxc6 Nxc6 11. Be3 Nd4 12. Bxd4 exd4 13. Nb5 c6 
14. h3 Bxf3 15. Qxf3 cxb5 16. e5 Bxe5 17. Qxb7 Qf6 18. Qf3 Qxf3 19. gxf3 
Rac8 20. Rac1 Bf4 21. Rcd1 Rxc2 22. Re4 g5 23. a4 bxa4 24. bxa4 Ra2 25. Rxd4 
Rc8 26. Rb1 Rcc2 27. Rf1 Rc1 28. Rxc1 Bxc1 29. Rxd6 Bf4 30. Rd4 Ra1+ 31. Kg2 
Ra2 32. h4 gxh4 33. Rxf4 Kg7 34. Rxh4 Kg6 35. Rb4 h5 36. d4 Rd2 37. a5 Kf5 
38. Kg3 Rd1 39. Rb5+ Kg6 40. d5 Rg1+ 41. Kf4 h4 42. d6 Rd1 43. Kg4 Rd4+ 
44. Kh3 Rxd6 45. Kxh4 Rd4+ 46. Kg3 a6 47. Rb6+ Kh5 48. Rxa6 Ra4 49. f4 Ra3+ 
50. f3 f5 51. Ra7 Ra1 52. a6 Rg1+ 53. Kf2 Ra1 54. Ra8 Ra4 55. Kg3 Kg6 56. Kh4 
Rxf4+ 57. Kg3 Ra4 58. a7 Kh5 59. Rh8+ Kg5 60. a8=Q f4+ 61. Kh3 Rxa8 62. Rxa8 
Kf5 63. Ra5+ Kf6 64. Kg4 Ke6 65. Kxf4 Kf6 66. Ra6+ Ke7 67. Ke5 Kd7 68. f4 
Kc7 69. f5 Kd8 70. Ra7 Ke8 71. Ke6 Kf8 72. f6 Ke8 73. f7+ Kf8 74. Ra8+ Kg7 
75. f8=Q+ Kg6 76. Qf5+ Kh6 77. Rg8 
{Game drawn by stalemate} 1/2-1/2

[Event "FICS Team League T30"] 
[Site "FICS, San Jose, California USA"] 
[Date "2006.04.17"] 
[Time "18:11:31"] 
[Round "1"] 
[White "clarinetref"] 
[Black "OldFlyer"] 
[WhiteElo "1648"] 
[BlackElo "1528"] 
[TimeControl "2700+45"] 
[Mode "ICS"] 
[Result "1-0"] 

1. Nf3 Nf6 2. g3 d6 3. c4 e5 4. d3 Be7 5. Bg2 c6 6. b4 a6 7. O-O Nbd7 8. Bb2 
O-O 9. Nbd2 Rb8 10. Nb3 Ne8 11. c5 Qc7 12. e4 d5 13. exd5 cxd5 14. Re1 Bf6 
15. Nfd2 d4 16. Rc1 Be7 17. a3 Nef6 18. Na5 Nxc5 19. bxc5 Qxa5 20. Rxe5 
Qc7 21. Qe2 Be6 22. Bxd4 Nd7 23. Re3 Nxc5 24. Bxc5 Bxc5 25. d4 Qd7 26. dxc5 
Rfd8 27. Ne4 Rbc8 28. Ng5 Ba2 29. Qxa2 Rf8 30. Qc2 g6 31. Ne4 Qc7 32. Qc3 
f5 33. Nf6+ Rxf6 34. Qxf6 Rf8 35. Bd5+ Rf7 36. Bxf7+ Qxf7 37. Qd8+ Kg7 38. Re7 
Qxe7 39. Qxe7+ 
{Black resigns} 1-0

[Event "FICS Team League T30"] 
[Site "FICS, San Jose, California USA"] 
[Date "2006.04.18"] 
[Time "04:51:57"] 
[Round "1"] 
[White "ahorse"] 
[Black "xplan"] 
[WhiteElo "1487"] 
[BlackElo "1572"] 
[TimeControl "2700+45"] 
[Mode "ICS"] 
[Result "1-0"] 

1. e4 e5 2. f4 Nc6 3. Nc3 Nf6 4. Nf3 exf4 5. e5 Ng4 6. Be2 Ngxe5 7. d4 Nxf3+ 
8. Bxf3 Qh4+ 9. Kf1 Bb4 10. Nd5 Ba5 11. Bxf4 d6 12. c3 O-O 13. Qd2 Re8 14. Bg5 
Qe4 15. Bxe4 Rxe4 16. Re1 Rxe1+ 17. Qxe1 Be6 18. Nf4 Bxa2 19. d5 Nd4 20. b4 
Bc4+ 21. Kf2 Nc2 22. Qe4 Bb6+ 23. Kg3 Kf8 24. Be7+ Kg8 25. Qxc4 Ne3 26. Qe4 
Re8 27. Re1 Rxe7 28. Rxe3 Rxe4 29. Rxe4 
{Black resigns} 1-0

[Event "FICS Team League T30"] 
[Site "FICS, San Jose, California USA"] 
[Date "2006.04.18"] 
[Time "10:28:25"] 
[Round "1"] 
[White "Litovec"] 
[Black "danijelo"] 
[WhiteElo "1764"] 
[BlackElo "1816"] 
[TimeControl "2700+45"] 
[Mode "ICS"] 
[Result "0-1"] 

1. e4 c5 2. Nf3 d6 3. d4 cxd4 4. Nxd4 Nf6 5. Nc3 a6 6. f3 e6 7. Bg5 Be7 
8. Bd3 Qc7 9. O-O Nc6 10. Nxc6 bxc6 11. Na4 Qa5 12. Bxf6 Bxf6 13. c3 O-O 
14. Bc2 d5 15. Re1 Be7 16. exd5 cxd5 17. Qd3 g6 18. Rad1 Bd7 19. b4 Qc7 
20. a3 Rfc8 21. c4 Bxa4 22. Bxa4 Qxc4 23. Qxc4 Rxc4 24. Bb3 Rc7 25. g3 a5 
26. Bxd5 exd5 27. Rxd5 axb4 28. axb4 Bxb4 29. Re2 Rac8 30. Kg2 Rc2 31. Re5 
Rxe2+ 32. Rxe2 Rd8 33. Kh3 Kg7 34. Rb2 Be7 35. f4 h6 36. Re2 Rd7 37. Rc2 
f5 38. Re2 g5 39. fxg5 hxg5 40. Rc2 Kg6 41. Kg2 Bb4 42. Kf3 Rd2 43. Rc4 
Be7 44. h3 Bd6 45. Rc6 Kf7 46. Ke3 Rd1 47. Kf3 Ke7 48. Rc3 Ke6 49. Rb3 f4 
50. gxf4 gxf4 51. Rb5 Rd3+ 52. Kg2 Rg3+ 53. Kh2 f3 54. Kh1 f2 55. Rb1 Bc5 
{White resigns} 0-1

[Event "FICS Team League T30"] 
[Site "FICS, San Jose, California USA"] 
[Date "2006.04.19"] 
[Time "09:03:00"] 
[Round "1"] 
[White "Relu"] 
[Black "roverch"] 
[WhiteElo "1900"] 
[BlackElo "1892"] 
[TimeControl "2700+45"] 
[Mode "ICS"] 
[Result "0-1"] 

1. d4 d5 2. c4 c6 3. Nf3 Nf6 4. Nc3 e6 5. e3 Nbd7 6. Qc2 Bd6 7. b3 O-O 8. Be2 
e5 9. cxd5 cxd5 10. dxe5 Nxe5 11. O-O Bg4 12. Nd4 Rc8 13. f3 Bh5 14. Bd2 
Bb8 15. Qb2 a6 16. Be1 Bg6 17. Qd2 Re8 18. Bh4 Qc7 19. Bxf6 Qxc3 20. Qxc3 
Rxc3 21. Bxe5 Bxe5 22. Rac1 Rxe3 23. Rfd1 Bxd4 24. Rxd4 Rxe2 25. Rxd5 f6 
26. Rd7 R8e7 27. Rd8+ Kf7 
{White resigns} 0-1

[Event "FICS Team League T30"] 
[Site "FICS, San Jose, California USA"] 
[Date "2006.04.20"] 
[Time "14:00:47"] 
[Round "1"] 
[White "Gnam"] 
[Black "spendius"] 
[WhiteElo "1739"] 
[BlackElo "1737"] 
[TimeControl "2700+45"] 
[Mode "ICS"] 
[Result "1-0"] 

1. e4 c6 2. d4 d5 3. exd5 cxd5 4. c4 Nf6 5. c5 e5 6. dxe5 Ng4 7. Qd4 Qa5+ 
8. b4 Qd8 9. Nf3 Be7 10. h3 Nh6 11. Bxh6 gxh6 12. Bb5+ Bd7 13. e6 Bf6 14. exd7+ 
Kf8 15. Qxd5 Nc6 16. O-O Bxa1 17. Bxc6 bxc6 18. Qxc6 Kg7 19. Qd5 Re8 
{Black resigns} 1-0

[Event "FICS Team League T30"]
[Site "FICS, San Jose, California USA"]
[Date "2006.04.21"]
[Time "19:06:26"]
[Round "1"]
[White "HotDonut"]
[Black "arus"]
[WhiteElo "1933"]
[BlackElo "1966"]
[TimeControl "2700+45"]
[Mode "ICS"]
[Result "1-0"]

1. d4 d5 2. c4 e6 3. Nc3 Nf6 4. cxd5 exd5 5. Bg5 Be7 6. e3 O-O 7. Bd3 Re8
8. Nf3 c6 9. Qc2 Nbd7 10. O-O Ne4 11. Bf4 Ndf6 12. Ne5 Nd6 13. b4 a6 14. a4
g6 15. Bg5 Bf5 16. Bxf5 Nxf5 17. b5 Rc8 18. bxc6 bxc6 19. Nd3 Ne4 20. Bxe7
Qxe7 21. Nxe4 Qxe4 22. Rfc1 Nh4 23. Nf4 g5 24. Qxe4 dxe4 25. Nh5 Re6 26. Rc5
h6 27. Rac1 Rb8 28. h3 Rb6 29. a5 Rb5 30. Rxc6 Rxa5 31. Rxe6 fxe6 32. Nf6+
Kf7 33. Nxe4 Nf5 34. Rc7+ Ne7 35. Nc5 Ra1+ 36. Kh2 a5 37. Ra7 h5 38. Kg3
Kf6 39. Ne4+ Kf5 40. Rxe7 Kxe4 41. Rxe6+ Kf5 42. Ra6 Ke4 43. Rh6 h4+ 44. Kg4
Rg1 45. Re6+ Kd3 46. Kf3 a4 47. Ra6 Ra1 48. d5 Kc4 49. d6 Kb5 50. d7 Rd1
51. Ra7 Kc6 52. Rxa4 Rxd7 53. Kg4 Rd2 54. Ra6+ Kd5 55. Rf6
{Black resigns} 1-0

[Event "FICS Team League T30"]
[Site "FICS, San Jose, California USA"]
[Date "2006.04.23"]
[Time "04:31:55"]
[Round "1"]
[White "tomito"]
[Black "Amauta"]
[WhiteElo "2000"]
[BlackElo "1917"]
[TimeControl "2700+45"]
[Mode "ICS"]
[Result "1/2-1/2"]

1. d4 f5 2. Nf3 Nf6 3. e3 e6 4. Bd3 Be7 5. Bd2 O-O 6. O-O c6 7. c4 d5 8. Nc3
Ne4 9. a4 Bd6 10. a5 Nd7 11. c5 Bc7 12. Qa4 Rb8 13. Be1 e5 14. Bc2 Nxc3
15. Bxc3 e4 16. Ne5 Bxe5 17. dxe5 Nxc5 18. Qa3 Ne6 19. Bb4 Rf7 20. f4 exf3
21. Rxf3 Ng5 22. Rff1 Ne4 23. Bxe4 dxe4 24. Rad1 Qe8 25. Bd6 Ra8 26. Qc3
Be6 27. Bc5 Bd5 28. Rf4 Qe6 29. Rf2 a6 30. Bd6 Re8 31. Rdf1 Bc4 32. Rc1
Bd3 33. b3 Qh6 34. Bc5 Re6 35. Qd4 Qg5 36. Bd6 h5 37. Rd1 h4 38. Rc1 h3
39. Kh1 hxg2+ 40. Rxg2 Qh5 41. Bb4 Qf3 42. Qd8+ Kh7 43. Qh4+ Rh6 44. Qg3
Bf1 45. Qxf3 exf3 46. Rg5 Bd3 47. Kg1 f4 48. Bc5 f2+ 49. Kxf2 Rxh2+ 50. Kg1
Rh6 51. exf4 Rxf4 52. Rg2 Rf5 53. Re1 Re6 54. Bd6 Rf4 55. Rg3 Be4 56. Rf1
Rxf1+ 57. Kxf1
{Game drawn by mutual agreement} 1/2-1/2

[Event "FICS Team League T30"] 
[Site "FICS, San Jose, California USA"] 
[Date "2006.04.23"] 
[Time "08:36:30"] 
[Round "2"] 
[White "Doubleletter"] 
[Black "purplepawns"] 
[WhiteElo "1847"] 
[BlackElo "1775"] 
[TimeControl "2700+45"] 
[Mode "ICS"] 
[Result "1-0"] 

1. e4 Nc6 2. Nf3 e6 3. d4 d5 4. exd5 Qxd5 5. c4 Bb4+ 6. Nc3 Qe4+ 7. Be2 
Nf6 8. Bd2 Bxc3 9. Bxc3 O-O 10. O-O h6 11. Re1 Qf4 12. Bd3 Rd8 13. Qc2 b6 
14. b4 Bb7 15. b5 Nxd4 16. Nxd4 Rxd4 17. Bxd4 Ng4 18. g3 Qxd4 19. Rad1 Qf6 
20. Be4 Bxe4 21. Rxe4 h5 22. h3 Ne5 23. Rf4 Qe7 24. Qe2 Ng6 25. Rfd4 Qc5 
26. Qf3 Rf8 27. Qe4 Ne5 28. Kg2 c6 29. f4 Ng6 30. Qxc6 Qxc6+ 31. bxc6 Rc8 
32. Rd8+ 
{Black resigns} 1-0

[Event "FICS Team League T30"] 
[Site "FICS, San Jose, California USA"] 
[Date "2006.04.23"] 
[Time "18:16:44"] 
[Round "2"] 
[White "gfsg"] 
[Black "trener"] 
[WhiteElo "1895"] 
[BlackElo "1913"] 
[TimeControl "2700+45"] 
[Mode "ICS"] 
[Result "1-0"] 

1. e4 g6 2. d4 Bg7 3. Nc3 d6 4. Be3 a6 5. f3 Nd7 6. Qd2 b5 7. Nh3 Bb7 8. Nf2 
Nb6 9. Bd3 Rc8 10. O-O e6 11. Ne2 c5 12. c3 Ne7 13. Ng4 O-O 14. Bh6 f5 15. Bxg7 
Kxg7 16. Qh6+ Kg8 17. Ne3 Nc6 18. Nf4 Qf6 19. Nxe6 
{Black forfeits on time} 1-0

[Event "FICS Team League T30"]
[Site "FICS, San Jose, California USA"]
[Date "2006.04.23"]
[Time "08:28:25"]
[Round "1"]
[White "BoboVieri"]
[Black "baaa"]
[WhiteElo "2004"]
[BlackElo "2092"]
[TimeControl "2700+45"]
[Mode "ICS"]
[Result "0-1"]

1. e4 e6 2. d4 d5 3. e5 c5 4. c3 Nc6 5. Nf3 Bd7 6. Bd3 Qb6 7. O-O cxd4 8. cxd4
Nxd4 9. Nxd4 Qxd4 10. Nc3 a6 11. Qe2 Ne7 12. Kh1 Nc6 13. f4 Bc5 14. Rd1
Qf2 15. Qg4 O-O-O 16. Rf1 Qd4 17. Rd1 Nxe5 18. Qxg7 Nxd3 19. Qxd4 Bxd4 20. Rxd3
Ba7 21. Bd2 Bc6 22. Rc1 Kb8 23. f5 e5 24. Bg5 Rd7 25. Bf6 Re8 26. Re1 e4
27. Bd4 b6 28. Rh3 b5 29. Ne2 Bxd4 30. Nxd4 Bb7 31. Rxh7 e3 32. Rh3 Rde7
33. Nc2 Rc7 34. Rhxe3 Rxe3 35. Nxe3 d4 36. Nd1 Rc2 37. Rg1 Be4 38. h4 Bxf5
39. Kh2 Bg4 40. Kg3 Bh5 41. Kf4 Be2 42. g4 Rc1 43. h5 Rxd1 44. Rxd1 Bxd1
45. h6 Bc2 46. Ke5 Kc7 47. Kxd4 Kd6 48. Kc3 Bh7 49. Kb4 Ke5 50. Ka5 Kf4
51. Kxa6 Kxg4 52. Kxb5 f5 53. Kb4 f4 54. Kc3 f3 55. Kd2 Kg3 56. Ke1 f2+
{White resigns} 0-1